AoeStats
← hightower_208

Fortress

507291952Analyzed
2v2 RM · 14d ago on Sep 17, 2026· 85m 22s· 4 players
Game mode
Random Map
Map size
Normal (6 player)
Population
200
Speed
Normal
Resources
Standard
Victory
Conquest
Starting age
Dark Age
Ending age
Imperial Age
RankedLock teamsTeams togetherTeam positionsShared explorationLock speedFull tech treeHidden civsTurbo modeCheats
Victory
Defeat
🇩🇪 Slavs · Germany
1677
+21
🇩🇪 Mongols · Germany
1623
+23
🇨🇿 Bohemians · Czechia
1800
-22
🇨🇿 Persians · Czechia
1797
-22
hightower_208
7:13 Feudal Age
7:34 Feudal Age
8:36 Double-Bit Axe
11:11 Castle Age
9:20 Horse Collar
13:26 Wheelbarrow
13:53 Bow Saw
15:59 Loom
17:43 Heavy Plow
18:14 Hand Cart
21:00 Town Watch
24:59 Imperial Age
22:32 Scale Mail Armor
22:41 Gold Mining
23:14 Pikeman
24:17 Squires
25:47 Chain Mail Armor
25:02 Halberdier
25:04 Capped Ram
26:24 Conscription
26:37 Siege Ram
28:26 Plate Mail Armor
29:59 Forging
29:51 Detinets
31:37 Druzhina
32:14 Iron Casting
33:06 Coinage
32:48 Fletching
35:04 Blast Furnace
34:00 Bodkin Arrow
35:24 Ballistics
37:55 Siege Engineers
41:26 Caravan
42:53 Gold Shaft Mining
43:17 Masonry
44:08 Chemistry
48:04 Elite Boyar
48:58 Scale Barding Armor
49:41 Hoardings
50:54 Chain Barding Armor
53:49 Plate Barding Armor
60:22 Fortified Wall
61:42 Banking
61:53 Man-at-Arms
62:30 Long Swordsman
63:27 Two-Handed Swordsman
64:53 Champion
70:15 Bloodlines
70:06 Husbandry
Mjoelnir
6:45 Feudal Age
10:20 Castle Age
8:26 Double-Bit Axe
8:46 Horse Collar
16:20 Fletching
18:16 Bodkin Arrow
19:31 Loom
24:25 Wheelbarrow
26:33 Imperial Age
27:08 Padded Archer Armor
27:21 Bracer
29:04 Chemistry
28:31 Ballistics
28:24 Bloodlines
28:26 Husbandry
29:31 Elite Mangudai
30:51 Padded Archer Armor
34:29 Parthian Tactics
34:24 Leather Archer Armor
35:39 Thumb Ring
37:24 Caravan
37:40 Hand Cart
37:36 Bow Saw
38:15 Coinage
43:03 Masonry
43:30 Hoardings
43:16 Conscription
43:14 Fortified Wall
43:09 Siege Engineers
48:46 Banking
62:39 Murder Holes
63:14 Onager
65:19 Siege Onager
71:24 Drill
80:00 Capped Ram
81:49 Siege Ram
Nasup
6:55 Feudal Age
10:20 Castle Age
8:14 Horse Collar
10:17 Double-Bit Axe
11:14 Bow Saw
11:42 Heavy Plow
12:11 Loom
18:10 Wheelbarrow
19:22 Fletching
20:08 Padded Archer Armor
21:38 Hand Cart
25:29 Imperial Age
23:31 Gold Mining
24:19 Bloodlines
24:10 Husbandry
24:16 Scale Barding Armor
25:19 Chain Barding Armor
25:22 Forging
26:43 Conscription
25:44 Cavalier
27:12 Plate Barding Armor
28:19 Iron Casting
27:35 Savar
30:15 Blast Furnace
30:59 Gold Shaft Mining
33:33 Caravan
33:02 Light Cavalry
40:29 Town Watch
40:46 Scale Mail Armor
42:48 Capped Ram
45:26 Capped Ram
46:37 Hussar
49:31 Siege Ram
51:36 Siege Ram
53:11 Kamandaran
53:07 Bodkin Arrow
53:28 Leather Archer Armor
52:43 Crossbowman
53:29 Thumb Ring
54:48 Ballistics
55:29 Chemistry
54:40 Masonry
58:04 Ring Archer Armor
62:52 Elite War Elephant
Skull
6:45 Feudal Age
10:47 Castle Age
9:01 Double-Bit Axe
9:13 Horse Collar
11:50 Bow Saw
12:23 Heavy Plow
18:16 Wheelbarrow
19:01 Loom
20:24 Fervor
22:53 Imperial Age
22:42 Chemistry
21:46 Scale Mail Armor
21:41 Pikeman
22:50 Squires
24:28 Chain Mail Armor
24:15 Halberdier
25:06 Forging
26:06 Hand Cart
25:36 Town Watch
28:59 Plate Mail Armor
33:15 Caravan
34:29 Two-Man Saw
33:22 Sappers
35:13 Fortified Wall
35:18 Masonry
35:33 Siege Engineers
35:57 Padded Archer Armor
37:58 Iron Casting
37:38 Leather Archer Armor
37:55 Architecture
37:24 Houfnice
39:48 Blast Furnace
40:06 Conscription
41:11 Ring Archer Armor
40:32 Fletching
41:03 Ballistics
42:07 Wagenburg Tactics
42:01 Elite Skirmisher
43:16 Bodkin Arrow
43:14 Elite Skirmisher
44:17 Bracer
43:55 Man-at-Arms
45:33 Elite Hussite Wagon
48:28 Long Swordsman
49:35 Long Swordsman
56:50 Two-Handed Swordsman
57:29 Treadmill Crane
58:20 Onager
59:34 Sanctity
60:58 Town Patrol
67:04 Champion
81:22 Illumination
81:11 Hussite Reforms
Connection lost

Rejoining the realm…

Still unreachable

The connection could not be restored.

Session expired

The server has moved on; the page needs a fresh start.